Admirals NSH vs Moose

Created - Wednesday, February 10, 2016 at 02:28

Goals
1 2 3 OT1 T
Admirals NSH 1 0 1 1 3
Moose 0 1 1 0 2
Shots
1 2 3 OT1 T
Admirals NSH 13 9 7 1 30
Moose 13 11 11 0 35

1st period

1. Admirals NSH , Andrew Desjardins 12 (Victor Bartley) at 13:07 (SH)

Penalties :
Josh Manson (MAN) for Roughing (Minor) at 5:13, Brad Winchester (MIL) for Charging (Minor) at 12:04

2nd period

2. Moose , Oscar Klefbom 10 (Thomas Larkin) at 9:24

Penalties :
Rasmus Rissanen (MAN) for Fighting (Major) at 3:27, Pierre-Cedric Labrie (MIL) for Fighting (Major) at 3:27, Ryan Malone (MAN) for Fighting (Major) at 5:32, Andrew Desjardins (MIL) for Fighting (Major) at 5:32, Garret Ross (MAN) for Roughing (Minor) at 6:31

3rd period

3. Admirals NSH , Andrew Desjardins 13 (Nikita Nesterov, Brad Winchester) at 17:11
4. Moose , Josh Manson 5 (Garret Ross) at 19:32 (PP)

Penalties :
Ben Sexton (MIL) for Roughing (Minor) at 19:30

Overtime #1

5. Admirals NSH , Andrew Desjardins 14 (Victor Bartley, Tim Gleason) at 0:21

Penalties :
No Penalty

Goalie Stats

Johan Gustafsson (MIL), 33 saves from 35 shots - (0.943), W, 12-3-8, 60:21 minutes
Kristers Gudlevskis (MAN), 27 saves from 30 shots - (0.900), OTL, 5-1-3, 59:49 minutes

Players Stats for Admirals NSH

Player Name              G  A  P  +/- PIM S  H  SB GA TA FO     MP     PP MP  PK MP  
------------------------------------------------------------------------------------
Allan McPherson          0  0  0  -1  0   1  1  0  0  0  4/8    15:02   0:00   0:55 
Andrew Desjardins        3  0  3   3  5   7  0  0  4  0  8/15   21:08   1:02   1:35 
Ben Sexton               0  0  0   0  2   0  0  1  0  1  0/2     8:58   0:40   0:00 
Brad Winchester          0  1  1   0  2   1  5  1  4  0  1/1    21:38   2:25   0:02 
Brian Lashoff            0  0  0   1  0   3  0  6  1  1  0/0    21:10   2:06   0:59 
Brody Sutter             0  0  0   0  0   0  0  0  0  0  8/12   19:14   1:49   0:10 
Cameron Schilling        0  0  0   0  0   2  1  0  0  0  0/0    14:46   0:00   0:00 
Eric Faille              0  0  0   0  0   3  1  0  1  0  1/2    19:04   1:49   0:00 
Frazer McLaren           0  0  0  -1  0   0  1  0  0  1  0/0    14:38   0:00   1:01 
Fredrik Claesson         0  0  0   0  0   0  1  0  0  0  0/0    14:46   0:00   0:00 
Jamie Wise               0  0  0   1  0   0  2  0  2  0  0/1    13:42   0:00   0:00 
Michael Pelech           0  0  0   0  0   1  0  0  0  0  0/0    13:34   2:09   0:00 
Nikita Nesterov          0  1  1   1  0   3  0  2  4  0  0/0    21:10   2:06   0:59 
Patrick Mullen           0  0  0   0  0   0  0  0  1  1  0/0     6:06   0:00   0:00 
Pierre-Cedric Labrie     0  0  0   1  5   1  1  0  0  0  1/1    16:35   0:57   0:19 
Tim Gleason              0  1  1   1  0   2  2  5  0  3  0/0    24:25   1:52   1:02 
Victor Bartley           0  2  2   1  0   4  1  0  3  4  0/0    18:19   1:52   1:02 
Wade Megan               0  0  0   1  0   2  1  0  0  0  3/6    15:04   1:03   0:00 

Players Stats for Moose

Player Name              G  A  P  +/- PIM S  H  SB GA TA FO     MP     PP MP  PK MP  
------------------------------------------------------------------------------------
Brady Austin             0  0  0  -1  0   0  1  0  0  1  0/0    21:01   0:48   0:36 
Cedric Paquette          0  0  0   0  0   6  1  1  3  0  4/7    15:00   0:00   0:16 
Cody Kunyk               0  0  0  -1  0   0  2  1  1  1  4/8    13:32   0:00   0:00 
Corey Cowick             0  0  0   0  0   0  1  1  0  0  0/0    16:18   0:00   0:57 
Daniil Tarasov           0  0  0   1  0   1  1  0  1  0  0/0    18:40   1:11   0:00 
David Wohlberg           0  0  0  -1  0   1  1  0  0  0  0/0    13:32   0:00   0:00 
Derek Roy                0  0  0  -3  0   1  1  0  4  0  6/13   22:15   0:50   3:01 
Garret Ross              0  1  1   1  2   4  0  0  2  1  7/17   19:13   1:11   0:00 
Greg McKegg              0  0  0  -1  0   1  3  1  3  0  0/0    16:56   0:50   3:01 
Joel Edmundson           0  0  0  -1  0   0  0  1  1  5  0/0    21:34   0:48   3:25 
Jordon Southorn          0  0  0   0  0   0  0  0  0  0  0/0     0:00   0:00   0:00 
Josh Manson              1  0  1  -2  2   4  1  3  0  4  0/0    23:52   1:13   1:29 
Michael Schumacher       0  0  0   1  0   0  2  0  0  0  0/1    18:40   1:11   0:00 
Oscar Klefbom            1  0  1   1  0   10 2  3  2  1  0/0    17:44   0:00   0:33 
Rasmus Rissanen          0  0  0  -2  5   0  1  0  0  1  0/0    21:20   1:13   1:57 
Ryan Malone              0  0  0  -2  5   4  2  0  6  0  1/2    20:04   0:50   0:41 
Ryan Rupert              0  0  0   0  0   0  0  0  0  0  0/0     0:34   0:00   0:00 
Thomas Larkin            0  1  1   1  0   3  0  0  0  0  0/0    17:11   0:00   0:00 

3 Stars

1 - Andrew Desjardins (MIL)
2 - Oscar Klefbom (MAN)
3 - Victor Bartley (MIL)

Power Play

Admirals NSH - 0 on 2 Attempt(s) - 0.00%
Moose - 1 on 2 Attempt(s) - 50.00%

Penalty Kill

Admirals NSH - 1 on 2 Attempt(s) - 50.00% - Score 1 goal in Penalty Kill
Moose - 2 on 2 Attempt(s) - 100.00% - Score 0 goal in Penalty Kill

Team Stat

Admirals NSH - Hits : 17 - Faceoff Wins : 26 - Blocked Shots : 15 - Penalty Minutes : 14
Moose - Hits : 19 - Faceoff Wins : 22 - Blocked Shots : 11 - Penalty Minutes : 14

Official

Referees : Unknown
Linesman : Unknown

Game Notes

Rasmus Rissanen and Pierre-Cedric Labrie fight to a draw at 3:27 of 2nd period
Ryan Malone beats up Andrew Desjardins at 5:32 of 2nd period
Andrew Desjardins has scored a Hat Trick!

Finance

Level 1 -- Attendance: 1371 (68.55%) -- Ticket Income $41,130
Level 2 -- Attendance: 680 (68.00%) -- Ticket Income $8,840
Total Attendance: 2051 (68.37%)
Total Ticket Income: $49,970
Other Income: $24,485
Total Income: $74,455

Admirals NSH

5 vs 5 Forward 
   Center                   Left Wing                Right Wing               Time % Phy DF OF 
 1 Andrew Desjardins        Brad Winchester          Michael Pelech           35     1   2  2  
 2 Brody Sutter             Pierre-Cedric Labrie     Eric Faille              30     1   2  2  
 3 Wade Megan               Jamie Wise               Andrew Desjardins        22     1   2  2  
 4 Allan McPherson          Frazer McLaren           Brad Winchester          13     1   2  2  

5 vs 5 Defense 
   Defense                  Defense                                           Time % Phy DF OF 
 1 Tim Gleason              Victor Bartley                                    35     1   2  2  
 2 Brian Lashoff            Nikita Nesterov                                   30     1   2  2  
 3 Fredrik Claesson         Cameron Schilling                                 22     1   2  2  
 4 Patrick Mullen           Tim Gleason                                       13     1   2  2  

PowerPlay Forward 
   Center                   Left Wing                Right Wing               Time % Phy DF OF 
 1 Andrew Desjardins        Brad Winchester          Michael Pelech           60     1   2  2  
 2 Brody Sutter             Pierre-Cedric Labrie     Eric Faille              40     1   2  2  

PowerPlay Defense
   Defense                  Defense                                           Time % Phy DF OF 
 1 Tim Gleason              Victor Bartley                                    60     1   2  2  
 2 Brian Lashoff            Nikita Nesterov                                   40     1   2  2  

Penalty Kill 4 Players Forward 
   Center                   Wing                     Time % Phy DF OF 
 1 Andrew Desjardins        Brad Winchester          60     1   2  2  
 2 Brody Sutter             Pierre-Cedric Labrie     40     1   2  2  

Penalty Kill 4 Players Defense
   Defense                  Defense                  Time % Phy DF OF 
 1 Tim Gleason              Victor Bartley           60     1   2  2  
 2 Brian Lashoff            Nikita Nesterov          40     1   2  2  

Penalty Kill - 3 Players Forward 
   Forward                                           Time % Phy DF OF 
 1 Andrew Desjardins                                 60     1   2  2  
 2 Brad Winchester                                   40     1   2  2  

Penalty Kill - 3 Players Defense
   Defense                  Defense                  Time % Phy DF OF 
 1 Tim Gleason              Victor Bartley           60     1   2  2  
 2 Brian Lashoff            Nikita Nesterov          40     1   2  2  

4 vs 4 Forward 
   Center                   Wing                     Time % Phy DF OF 
 1 Andrew Desjardins        Brad Winchester          60     1   2  2  
 2 Brody Sutter             Pierre-Cedric Labrie     40     1   2  2  

4 vs 4 Defense
   Defense                  Defense                  Time % Phy DF OF 
 1 Tim Gleason              Victor Bartley           60     1   2  2  
 2 Brian Lashoff            Nikita Nesterov          40     1   2  2  

Last Minutes Offensive
   Center                   Left Wing                Right Wing               Defense                  Defense                  
   Andrew Desjardins        Brad Winchester          Michael Pelech           Tim Gleason              Victor Bartley           

Last Minutes Defensive
   Center                   Left Wing                Right Wing               Defense                  Defense                  
   Andrew Desjardins        Brad Winchester          Michael Pelech           Tim Gleason              Victor Bartley           

Goaltenders
Starting : Johan Gustafsson         
Backup : FARM GOALIE11            

Extra Forwards
Normal : Ben Sexton, Wade Megan, Allan McPherson - PP : Ben Sexton, Wade Megan - PK : Allan McPherson
Extra Defensemen
Normal : Fredrik Claesson, Cameron Schilling, Patrick Mullen - PP : Fredrik Claesson - PK : Cameron Schilling, Patrick Mullen
Penalty Shots
Andrew Desjardins, Brad Winchester, Brody Sutter, Pierre-Cedric Labrie, Michael Pelech

Moose

5 vs 5 Forward 
   Center                   Left Wing                Right Wing               Time % Phy DF OF 
 1 Derek Roy                Ryan Malone              Greg McKegg              35     1   2  2  
 2 Garret Ross              Daniil Tarasov           Michael Schumacher       30     1   2  2  
 3 Cody Kunyk               Derek Roy                David Wohlberg           22     1   2  2  
 4 Cedric Paquette          Corey Cowick             Ryan Malone              13     1   2  2  

5 vs 5 Defense 
   Defense                  Defense                                           Time % Phy DF OF 
 1 Josh Manson              Rasmus Rissanen                                   35     1   2  2  
 2 Brady Austin             Joel Edmundson                                    30     1   2  2  
 3 Thomas Larkin            Oscar Klefbom                                     22     1   2  2  
 4 Josh Manson              Rasmus Rissanen                                   13     1   2  2  

PowerPlay Forward 
   Center                   Left Wing                Right Wing               Time % Phy DF OF 
 1 Derek Roy                Ryan Malone              Greg McKegg              60     1   2  2  
 2 Garret Ross              Daniil Tarasov           Michael Schumacher       40     1   2  2  

PowerPlay Defense
   Defense                  Defense                                           Time % Phy DF OF 
 1 Josh Manson              Rasmus Rissanen                                   60     1   2  2  
 2 Joel Edmundson           Brady Austin                                      40     1   2  2  

Penalty Kill 4 Players Forward 
   Center                   Wing                     Time % Phy DF OF 
 1 Derek Roy                Greg McKegg              60     1   2  2  
 2 Corey Cowick             Ryan Malone              40     1   2  2  

Penalty Kill 4 Players Defense
   Defense                  Defense                  Time % Phy DF OF 
 1 Rasmus Rissanen          Josh Manson              60     1   2  2  
 2 Brady Austin             Joel Edmundson           40     1   2  2  

Penalty Kill - 3 Players Forward 
   Forward                                           Time % Phy DF OF 
 1 Ryan Malone                                       60     1   2  2  
 2 David Wohlberg                                    40     1   2  2  

Penalty Kill - 3 Players Defense
   Defense                  Defense                  Time % Phy DF OF 
 1 Rasmus Rissanen          Josh Manson              60     1   2  2  
 2 Thomas Larkin            Joel Edmundson           40     1   2  2  

4 vs 4 Forward 
   Center                   Wing                     Time % Phy DF OF 
 1 Ryan Malone              Derek Roy                60     1   2  2  
 2 Greg McKegg              Cody Kunyk               40     1   2  2  

4 vs 4 Defense
   Defense                  Defense                  Time % Phy DF OF 
 1 Josh Manson              Rasmus Rissanen          60     1   2  2  
 2 Brady Austin             Thomas Larkin            40     1   2  2  

Last Minutes Offensive
   Center                   Left Wing                Right Wing               Defense                  Defense                  
   Derek Roy                Ryan Malone              Greg McKegg              Josh Manson              Rasmus Rissanen          

Last Minutes Defensive
   Center                   Left Wing                Right Wing               Defense                  Defense                  
   Derek Roy                Ryan Malone              Greg McKegg              Josh Manson              Rasmus Rissanen          

Goaltenders
Starting : Kristers Gudlevskis      
Backup : Antoine Bibeau           

Extra Forwards
Normal : Greg McKegg, Derek Roy, Ryan Malone - PP : Greg McKegg, Garret Ross - PK : Derek Roy
Extra Defensemen
Normal : Rasmus Rissanen, Josh Manson, Brady Austin - PP : Rasmus Rissanen - PK : Joel Edmundson, Josh Manson
Penalty Shots
Daniil Tarasov, Derek Roy, Ryan Malone, Greg McKegg, Garret Ross

% Time on Ice - Admirals NSH

Lines # - Real PCT - Wanted PCT - Time Play
Normal Forward
1 - 22% - 35% - 11:33
2 - 32% - 30% - 17:15
3 - 26% - 22% - 13:42
4 - 21% - 13% - 11:12
Normal Defense
1 - 27% - 35% - 14:45
2 - 34% - 30% - 18:05
3 - 27% - 22% - 14:46
4 - 11% - 13% - 6:06
PP Forward
1 - 54% - 60% - 2:09
2 - 46% - 40% - 1:49
PP Defense
1 - 47% - 60% - 1:52
2 - 53% - 40% - 2:06
PK Forward
1 - 92% - 60% - 1:51
2 - 8% - 40% - 0:10
PK Defense
1 - 51% - 60% - 1:02
2 - 49% - 40% - 0:59
PK3 Forward
1 - 0% - 60%
2 - 0% - 40%
PK3 Defense
1 - 0% - 60%
2 - 0% - 40%
44 Forward
1 - 100% - 60% - 0:21
2 - 0% - 40% - 0:00
44 Defense
1 - 100% - 60% - 0:21
2 - 0% - 40% - 0:00
Last Minute Offensive  - 0:00
Last Minute Defensive  - 0:19
Total
Forward - 60:21
Defense - 60:21

% Time on Ice - Moose

Lines # - Real PCT - Wanted PCT - Time Play
Normal Forward
1 - 17% - 35% - 9:13
2 - 34% - 30% - 18:06
3 - 25% - 22% - 13:32
4 - 24% - 13% - 12:51
Normal Defense
1 - 29% - 35% - 15:21
2 - 32% - 30% - 17:21
3 - 31% - 22% - 16:52
4 - 8% - 13% - 4:08
PP Forward
1 - 41% - 60% - 0:50
2 - 59% - 40% - 1:11
PP Defense
1 - 60% - 60% - 1:13
2 - 40% - 40% - 0:48
PK Forward
1 - 76% - 60% - 3:01
2 - 24% - 40% - 0:57
PK Defense
1 - 85% - 60% - 3:22
2 - 15% - 40% - 0:36
PK3 Forward
1 - 0% - 60%
2 - 0% - 40%
PK3 Defense
1 - 0% - 60%
2 - 0% - 40%
44 Forward
1 - 100% - 60% - 0:21
2 - 0% - 40% - 0:00
44 Defense
1 - 100% - 60% - 0:21
2 - 0% - 40% - 0:00
Last Minute Offensive  - 0:19
Last Minute Defensive  - 0:00
Total
Forward - 60:21
Defense - 60:21

Play by Play

1st period


0:01 of 1st period - Ryan Malone wins face-off versus Andrew Desjardins in neutral zone.
0:04 of 1st period - Tim Gleason is hit by Greg McKegg.
0:17 of 1st period - Slapshot by Ryan Malone.
0:17 of 1st period - Stopped by Johan Gustafsson with a rebound.
0:19 of 1st period - Slapshot by Josh Manson.
0:19 of 1st period - Deflect By Derek Roy.
0:19 of 1st period - Shot Misses the Net.
0:19 of 1st period - Puck is out of play.
0:20 of 1st period - Andrew Desjardins wins face-off versus Derek Roy in Admirals NSH zone.
0:27 of 1st period - Wrist shot by Derek Roy.
0:27 of 1st period - Shot Blocked by Tim Gleason.
0:40 of 1st period - Snap shot by Derek Roy.
0:40 of 1st period - Deflect By Greg McKegg.
0:40 of 1st period - Stopped by Johan Gustafsson with a rebound.
0:42 of 1st period - Slapshot by Josh Manson.
0:42 of 1st period - Deflect By Derek Roy.
0:42 of 1st period - Shot Misses the Net.
0:42 of 1st period - Puck is out of play.
0:43 of 1st period - Eric Faille wins face-off versus Garret Ross in Admirals NSH zone.
0:50 of 1st period - Slapshot by Daniil Tarasov.
0:50 of 1st period - Shot Misses the Net.
0:52 of 1st period - Wrist shot by Garret Ross.
0:52 of 1st period - Shot Misses the Net.
1:36 of 1st period - David Wohlberg is hit by Jamie Wise.
1:52 of 1st period - Snap shot by Wade Megan.
1:52 of 1st period - Stopped by Kristers Gudlevskis with a rebound.
1:54 of 1st period - Slapshot by Cameron Schilling.
1:54 of 1st period - Deflect By Andrew Desjardins.
1:54 of 1st period - Shot Blocked by Cody Kunyk.
1:54 of 1st period - Puck is out of play.
1:55 of 1st period - Allan McPherson wins face-off versus Cedric Paquette in Moose zone.
2:13 of 1st period - Slapshot by Oscar Klefbom.
2:13 of 1st period - Stopped by Johan Gustafsson without a rebound.
2:14 of 1st period - Cedric Paquette wins face-off versus Allan McPherson in Admirals NSH zone.
2:26 of 1st period - Snap shot by Cedric Paquette.
2:26 of 1st period - Shot Blocked by Brad Winchester.
2:28 of 1st period - Slapshot by Oscar Klefbom.
2:28 of 1st period - Stopped by Johan Gustafsson with a rebound.
2:30 of 1st period - Snap shot by Ryan Malone.
2:30 of 1st period - Stopped by Johan Gustafsson without a rebound.
2:31 of 1st period - Garret Ross wins face-off versus Wade Megan in Admirals NSH zone.
3:45 of 1st period - Cody Kunyk is hit by Tim Gleason and loses puck.
4:02 of 1st period - Allan McPherson is hit by Ryan Malone and loses puck.
4:14 of 1st period - Ryan Malone is hit by Brad Winchester.
4:22 of 1st period - Wrist shot by Cedric Paquette.
4:22 of 1st period - Shot Misses the Net.
4:28 of 1st period - Ryan Malone is hit by Brad Winchester and loses puck.
4:45 of 1st period - Snap shot by Andrew Desjardins.
4:45 of 1st period - Stopped by Kristers Gudlevskis with a rebound.
4:49 of 1st period - Wrist shot by Michael Pelech.
4:49 of 1st period - Stopped by Kristers Gudlevskis without a rebound.
4:50 of 1st period - Garret Ross wins face-off versus Andrew Desjardins in Moose zone.
4:54 of 1st period - Off-side.
4:55 of 1st period - Pierre-Cedric Labrie wins face-off versus Garret Ross in neutral zone.
5:13 of 1st period - Minor Penalty to Josh Manson for Roughing.
5:14 of 1st period - Derek Roy wins face-off versus Andrew Desjardins in Moose zone.
5:24 of 1st period - Snap shot by Nikita Nesterov.
5:24 of 1st period - Stopped by Kristers Gudlevskis without a rebound.
5:25 of 1st period - Derek Roy wins face-off versus Andrew Desjardins in Moose zone.
5:38 of 1st period - Rasmus Rissanen is hit by Brad Winchester and loses puck.
6:42 of 1st period - Wrist shot by Ryan Malone.
6:42 of 1st period - Shot Misses the Net.
7:06 of 1st period - Snap shot by Victor Bartley.
7:06 of 1st period - Stopped by Kristers Gudlevskis without a rebound.
7:07 of 1st period - Brad Winchester wins face-off versus Derek Roy in Moose zone.
7:13 of 1st period - Penalty to Josh Manson is over, Josh Manson is back on ice.
7:32 of 1st period - Wrist shot by Victor Bartley.
7:32 of 1st period - Stopped by Kristers Gudlevskis with a rebound.
7:34 of 1st period - Slapshot by Andrew Desjardins.
7:34 of 1st period - Shot Blocked by Greg McKegg.
7:36 of 1st period - Snap shot by Tim Gleason.
7:36 of 1st period - Deflect By Josh Manson.
7:36 of 1st period - Stopped by Kristers Gudlevskis with a rebound.
9:02 of 1st period - Slapshot by Cedric Paquette.
9:02 of 1st period - Stopped by Johan Gustafsson with a rebound.
9:04 of 1st period - Wrist shot by Ryan Malone.
9:04 of 1st period - Shot Misses the Net.
9:06 of 1st period - Slapshot by Oscar Klefbom.
9:06 of 1st period - Stopped by Johan Gustafsson with a rebound.
9:08 of 1st period - Wrist shot by Cedric Paquette.
9:08 of 1st period - Stopped by Johan Gustafsson without a rebound.
9:09 of 1st period - Allan McPherson wins face-off versus Cedric Paquette in Admirals NSH zone.
9:09 of 1st period - Allan McPherson is hit by Ryan Malone.
9:32 of 1st period - Slapshot by Oscar Klefbom.
9:32 of 1st period - Shot Blocked by Tim Gleason.
9:40 of 1st period - Cedric Paquette is hit by Victor Bartley and loses puck.
10:34 of 1st period - Slapshot by Brian Lashoff.
10:34 of 1st period - Stopped by Kristers Gudlevskis without a rebound.
10:35 of 1st period - Cody Kunyk wins face-off versus Wade Megan in Moose zone.
10:40 of 1st period - Slapshot by Oscar Klefbom.
10:40 of 1st period - Stopped by Johan Gustafsson without a rebound.
10:41 of 1st period - Cody Kunyk wins face-off versus Brody Sutter in Admirals NSH zone.
11:17 of 1st period - Nikita Nesterov is hit by Oscar Klefbom and loses puck.
11:43 of 1st period - Wrist shot by Cedric Paquette.
11:43 of 1st period - Deflect By Ryan Malone.
11:43 of 1st period - Stopped by Johan Gustafsson with a rebound.
12:04 of 1st period - Minor Penalty to Brad Winchester for Charging.
12:05 of 1st period - Andrew Desjardins wins face-off versus Garret Ross in Admirals NSH zone.
12:16 of 1st period - Wrist shot by Josh Manson.
12:16 of 1st period - Shot Blocked by Tim Gleason.
12:18 of 1st period - Slapshot by Josh Manson.
12:18 of 1st period - Shot Misses the Net.
12:22 of 1st period - Snap shot by Garret Ross.
12:22 of 1st period - Deflect By Daniil Tarasov.
12:22 of 1st period - Shot Misses the Net.
12:22 of 1st period - Puck is out of play.
12:23 of 1st period - Andrew Desjardins wins face-off versus Garret Ross in Admirals NSH zone.
12:34 of 1st period - Snap shot by Garret Ross.
12:34 of 1st period - Shot Misses the Net.
13:07 of 1st period - Snap shot by Andrew Desjardins.
13:07 of 1st period - Goal by Andrew Desjardins - Admirals NSH : 1 - Moose : 0.
13:08 of 1st period - Andrew Desjardins wins face-off versus Derek Roy in neutral zone.
14:04 of 1st period - Penalty to Brad Winchester is over, Brad Winchester is back on ice.
14:18 of 1st period - Ryan Malone is hit by Brad Winchester and loses puck.
14:25 of 1st period - Snap shot by Cedric Paquette.
14:25 of 1st period - Shot Misses the Net.
14:27 of 1st period - Wrist shot by Thomas Larkin.
14:27 of 1st period - Stopped by Johan Gustafsson with a rebound.
14:29 of 1st period - Snap shot by Cedric Paquette.
14:29 of 1st period - Stopped by Johan Gustafsson with a rebound.
14:35 of 1st period - Wrist shot by Oscar Klefbom.
14:35 of 1st period - Shot Blocked by Nikita Nesterov.
14:39 of 1st period - Wrist shot by Ryan Malone.
14:39 of 1st period - Shot Blocked by Brian Lashoff.
14:41 of 1st period - Slapshot by Thomas Larkin.
14:41 of 1st period - Shot Blocked by Brian Lashoff.
14:43 of 1st period - Wrist shot by Corey Cowick.
14:43 of 1st period - Shot Misses the Net.
14:52 of 1st period - Off-side.
14:53 of 1st period - Brody Sutter wins face-off versus Cody Kunyk in neutral zone.
15:28 of 1st period - Slapshot by Tim Gleason.
15:28 of 1st period - Shot Misses the Net.
15:30 of 1st period - Snap shot by Victor Bartley.
15:30 of 1st period - Deflect By Derek Roy.
15:30 of 1st period - Stopped by Kristers Gudlevskis with a rebound.
16:10 of 1st period - Slapshot by Cameron Schilling.
16:10 of 1st period - Stopped by Kristers Gudlevskis without a rebound.
16:11 of 1st period - Brody Sutter wins face-off versus Garret Ross in Moose zone.
17:32 of 1st period - Pierre-Cedric Labrie is hit by Daniil Tarasov and loses puck.
17:41 of 1st period - Snap shot by Daniil Tarasov.
17:41 of 1st period - Shot Misses the Net.
17:43 of 1st period - Slapshot by Thomas Larkin.
17:43 of 1st period - Stopped by Johan Gustafsson without a rebound.
17:44 of 1st period - Garret Ross wins face-off versus Brody Sutter in Admirals NSH zone.
18:08 of 1st period - Brian Lashoff is hit by Derek Roy and loses puck.
19:12 of 1st period - Slapshot by Cameron Schilling.
19:12 of 1st period - Stopped by Kristers Gudlevskis with a rebound.
19:37 of 1st period - Slapshot by Eric Faille.
19:37 of 1st period - Stopped by Kristers Gudlevskis with a rebound.
Goals for this period are 1 for Admirals NSH vs 0 for Moose.
Shots for this period are 13 for Admirals NSH vs 13 for Moose.

2nd period


0:01 of 2nd period - Andrew Desjardins wins face-off versus Derek Roy in neutral zone.
0:28 of 2nd period - Slapshot by Victor Bartley.
0:28 of 2nd period - Shot Misses the Net.
1:05 of 2nd period - Slapshot by Michael Schumacher.
1:05 of 2nd period - Shot Blocked by Brian Lashoff.
2:16 of 2nd period - Wrist shot by Allan McPherson.
2:16 of 2nd period - Stopped by Kristers Gudlevskis without a rebound.
2:17 of 2nd period - Cedric Paquette wins face-off versus Allan McPherson in Moose zone.
2:29 of 2nd period - Snap shot by Oscar Klefbom.
2:29 of 2nd period - Deflect By Ryan Malone.
2:29 of 2nd period - Stopped by Johan Gustafsson with a rebound.
2:31 of 2nd period - Slapshot by Thomas Larkin.
2:31 of 2nd period - Deflect By Fredrik Claesson.
2:31 of 2nd period - Stopped by Johan Gustafsson with a rebound.
2:33 of 2nd period - Slapshot by Oscar Klefbom.
2:33 of 2nd period - Shot Misses the Net.
2:35 of 2nd period - Snap shot by Cedric Paquette.
2:35 of 2nd period - Stopped by Johan Gustafsson with a rebound.
2:37 of 2nd period - Snap shot by Cedric Paquette.
2:37 of 2nd period - Shot Misses the Net.
2:39 of 2nd period - Slapshot by Oscar Klefbom.
2:39 of 2nd period - Stopped by Johan Gustafsson with a rebound.
3:01 of 2nd period - Oscar Klefbom is hit by Fredrik Claesson and loses puck.
3:06 of 2nd period - Wrist shot by Eric Faille.
3:06 of 2nd period - Stopped by Kristers Gudlevskis with a rebound.
3:08 of 2nd period - Snap shot by Brian Lashoff.
3:08 of 2nd period - Shot Blocked by Oscar Klefbom.
3:27 of 2nd period - Rasmus Rissanen and Pierre-Cedric Labrie fight to a draw.
3:27 of 2nd period - Penalty to Rasmus Rissanen for Fighting.
3:27 of 2nd period - Penalty to Pierre-Cedric Labrie for Fighting.
3:28 of 2nd period - Derek Roy wins face-off versus Jamie Wise in Admirals NSH zone.
3:51 of 2nd period - Slapshot by Victor Bartley.
3:51 of 2nd period - Deflect By Andrew Desjardins.
3:51 of 2nd period - Shot Blocked by Josh Manson.
3:51 of 2nd period - Puck is out of play.
3:52 of 2nd period - Garret Ross wins face-off versus Brody Sutter in Moose zone.
4:57 of 2nd period - Snap shot by Derek Roy.
4:57 of 2nd period - Shot Misses the Net.
5:32 of 2nd period - Ryan Malone beats up Andrew Desjardins.
5:32 of 2nd period - Penalty to Ryan Malone for Fighting.
5:32 of 2nd period - Penalty to Andrew Desjardins for Fighting.
5:33 of 2nd period - Derek Roy wins face-off versus Eric Faille in Admirals NSH zone.
5:42 of 2nd period - Slapshot by Victor Bartley.
5:42 of 2nd period - Stopped by Kristers Gudlevskis without a rebound.
5:43 of 2nd period - Brody Sutter wins face-off versus Derek Roy in Moose zone.
5:56 of 2nd period - Snap shot by Eric Faille.
5:56 of 2nd period - Stopped by Kristers Gudlevskis without a rebound.
5:57 of 2nd period - Brody Sutter wins face-off versus Garret Ross in Moose zone.
6:02 of 2nd period - Slapshot by Josh Manson.
6:02 of 2nd period - Shot Blocked by Brian Lashoff.
6:31 of 2nd period - Minor Penalty to Garret Ross for Roughing.
6:32 of 2nd period - Derek Roy wins face-off versus Ben Sexton in Moose zone.
7:00 of 2nd period - Icing by Tim Gleason.
7:01 of 2nd period - Derek Roy wins face-off versus Ben Sexton in Admirals NSH zone.
7:32 of 2nd period - Slapshot by Victor Bartley.
7:32 of 2nd period - Shot Misses the Net.
7:34 of 2nd period - Slapshot by Brian Lashoff.
7:34 of 2nd period - Stopped by Kristers Gudlevskis with a rebound.
7:36 of 2nd period - Snap shot by Brody Sutter.
7:36 of 2nd period - Shot Blocked by Joel Edmundson.
7:40 of 2nd period - Slapshot by Nikita Nesterov.
7:40 of 2nd period - Deflect By Josh Manson.
7:40 of 2nd period - Stopped by Kristers Gudlevskis with a rebound.
7:42 of 2nd period - Slapshot by Nikita Nesterov.
7:42 of 2nd period - Shot Blocked by Josh Manson.
7:44 of 2nd period - Snap shot by Wade Megan.
7:44 of 2nd period - Stopped by Kristers Gudlevskis with a rebound.
8:27 of 2nd period - Penalty to Rasmus Rissanen is over, Rasmus Rissanen is back on ice.
8:27 of 2nd period - Cedric Paquette is hit by Brad Winchester and loses puck.
8:53 of 2nd period - Cameron Schilling is hit by Corey Cowick and loses puck.
9:14 of 2nd period - Slapshot by Nikita Nesterov.
9:14 of 2nd period - Shot Misses the Net.
9:24 of 2nd period - Wrist shot by Oscar Klefbom.
9:24 of 2nd period - Goal by Oscar Klefbom - Admirals NSH : 1 - Moose : 1.
9:25 of 2nd period - Garret Ross wins face-off versus Wade Megan in neutral zone.
9:40 of 2nd period - Michael Schumacher is hit by Wade Megan.
9:46 of 2nd period - Fredrik Claesson is hit by Michael Schumacher and loses puck.
9:57 of 2nd period - Oscar Klefbom is hit by Cameron Schilling and loses puck.
10:23 of 2nd period - Michael Pelech is hit by Greg McKegg and loses puck.
10:52 of 2nd period - Snap shot by Josh Manson.
10:52 of 2nd period - Stopped by Johan Gustafsson with a rebound.
10:54 of 2nd period - Slapshot by Josh Manson.
10:54 of 2nd period - Stopped by Johan Gustafsson without a rebound.
10:55 of 2nd period - Andrew Desjardins wins face-off versus Cedric Paquette in Admirals NSH zone.
11:24 of 2nd period - Nikita Nesterov is hit by Rasmus Rissanen and loses puck.
11:32 of 2nd period - Icing by Brian Lashoff.
11:33 of 2nd period - Brody Sutter wins face-off versus Cody Kunyk in Admirals NSH zone.
11:38 of 2nd period - Snap shot by Brian Lashoff.
11:38 of 2nd period - Stopped by Kristers Gudlevskis without a rebound.
11:39 of 2nd period - Wade Megan wins face-off versus Cody Kunyk in Moose zone.
12:34 of 2nd period - Slapshot by Oscar Klefbom.
12:34 of 2nd period - Shot Blocked by Tim Gleason.
13:08 of 2nd period - Slapshot by Nikita Nesterov.
13:08 of 2nd period - Shot Blocked by Corey Cowick.
13:10 of 2nd period - Slapshot by Brian Lashoff.
13:10 of 2nd period - Shot Blocked by Oscar Klefbom.
13:16 of 2nd period - Snap shot by Andrew Desjardins.
13:16 of 2nd period - Stopped by Kristers Gudlevskis with a rebound.
13:18 of 2nd period - Snap shot by Andrew Desjardins.
13:18 of 2nd period - Shot Blocked by Oscar Klefbom.
15:45 of 2nd period - Snap shot by Garret Ross.
15:45 of 2nd period - Stopped by Johan Gustafsson with a rebound.
15:59 of 2nd period - Tim Gleason is hit by Cedric Paquette and loses puck.
16:04 of 2nd period - Snap shot by Ryan Malone.
16:04 of 2nd period - Shot Misses the Net.
16:24 of 2nd period - Cody Kunyk is hit by Allan McPherson and loses puck.
17:38 of 2nd period - Frazer McLaren is hit by Michael Schumacher and loses puck.
18:01 of 2nd period - Snap shot by Oscar Klefbom.
18:01 of 2nd period - Stopped by Johan Gustafsson with a rebound.
18:03 of 2nd period - Slapshot by Oscar Klefbom.
18:03 of 2nd period - Shot Blocked by Nikita Nesterov.
18:05 of 2nd period - Wrist shot by Cody Kunyk.
18:05 of 2nd period - Shot Blocked by Brian Lashoff.
18:07 of 2nd period - Snap shot by Oscar Klefbom.
18:07 of 2nd period - Shot Blocked by Brian Lashoff.
18:09 of 2nd period - Snap shot by Derek Roy.
18:09 of 2nd period - Stopped by Johan Gustafsson without a rebound.
18:10 of 2nd period - Cody Kunyk wins face-off versus Allan McPherson in Admirals NSH zone.
18:11 of 2nd period - Slapshot by Oscar Klefbom.
18:11 of 2nd period - Shot Hit the Post.
18:13 of 2nd period - Snap shot by David Wohlberg.
18:13 of 2nd period - Stopped by Johan Gustafsson with a rebound.
Goals for this period are 0 for Admirals NSH vs 1 for Moose.
Shots for this period are 9 for Admirals NSH vs 11 for Moose.

3rd period


0:01 of 3rd period - Andrew Desjardins wins face-off versus Derek Roy in neutral zone.
0:06 of 3rd period - Snap shot by Andrew Desjardins.
0:06 of 3rd period - Stopped by Kristers Gudlevskis with a rebound.
0:50 of 3rd period - Derek Roy is hit by Tim Gleason and loses puck.
1:09 of 3rd period - Slapshot by Brian Lashoff.
1:09 of 3rd period - Deflect By Pierre-Cedric Labrie.
1:09 of 3rd period - Stopped by Kristers Gudlevskis with a rebound.
1:52 of 3rd period - Andrew Desjardins is hit by Cody Kunyk and loses puck.
2:05 of 3rd period - Frazer McLaren is hit by David Wohlberg and loses puck.
2:53 of 3rd period - Slapshot by Oscar Klefbom.
2:53 of 3rd period - Shot Misses the Net.
3:03 of 3rd period - Brad Winchester is hit by Cody Kunyk and loses puck.
3:08 of 3rd period - Wrist shot by Derek Roy.
3:08 of 3rd period - Shot Misses the Net.
3:30 of 3rd period - Slapshot by Victor Bartley.
3:30 of 3rd period - Shot Misses the Net.
5:55 of 3rd period - Derek Roy is hit by Jamie Wise.
6:15 of 3rd period - Backhand shot by Garret Ross.
6:15 of 3rd period - Stopped by Johan Gustafsson without a rebound.
6:16 of 3rd period - Allan McPherson wins face-off versus Garret Ross in Admirals NSH zone.
6:24 of 3rd period - Icing by Joel Edmundson.
6:25 of 3rd period - Allan McPherson wins face-off versus Garret Ross in Moose zone.
6:42 of 3rd period - Wrist shot by Tim Gleason.
6:42 of 3rd period - Stopped by Kristers Gudlevskis with a rebound.
7:32 of 3rd period - Slapshot by Josh Manson.
7:32 of 3rd period - Stopped by Johan Gustafsson with a rebound.
7:55 of 3rd period - Slapshot by Oscar Klefbom.
7:55 of 3rd period - Stopped by Johan Gustafsson with a rebound.
8:41 of 3rd period - Brian Lashoff is hit by Oscar Klefbom and loses puck.
9:30 of 3rd period - Wrist shot by Andrew Desjardins.
9:30 of 3rd period - Shot Blocked by Cedric Paquette.
9:50 of 3rd period - Wrist shot by Brad Winchester.
9:50 of 3rd period - Stopped by Kristers Gudlevskis with a rebound.
10:18 of 3rd period - Wrist shot by Garret Ross.
10:18 of 3rd period - Stopped by Johan Gustafsson with a rebound.
10:20 of 3rd period - Snap shot by Michael Schumacher.
10:20 of 3rd period - Shot Misses the Net.
10:22 of 3rd period - Slapshot by Rasmus Rissanen.
10:22 of 3rd period - Shot Misses the Net.
10:24 of 3rd period - Wrist shot by Garret Ross.
10:24 of 3rd period - Stopped by Johan Gustafsson with a rebound.
11:27 of 3rd period - Cedric Paquette is hit by Pierre-Cedric Labrie and loses puck.
11:34 of 3rd period - Eric Faille is hit by Brady Austin.
12:24 of 3rd period - Snap shot by Daniil Tarasov.
12:24 of 3rd period - Stopped by Johan Gustafsson with a rebound.
13:14 of 3rd period - Slapshot by Nikita Nesterov.
13:14 of 3rd period - Stopped by Kristers Gudlevskis without a rebound.
13:15 of 3rd period - Wade Megan wins face-off versus Cody Kunyk in Moose zone.
13:35 of 3rd period - Off-side.
13:36 of 3rd period - Cedric Paquette wins face-off versus Allan McPherson in neutral zone.
13:49 of 3rd period - Ryan Malone is hit by Frazer McLaren and loses puck.
14:09 of 3rd period - Icing by Josh Manson.
14:10 of 3rd period - Wade Megan wins face-off versus Michael Schumacher in Moose zone.
14:36 of 3rd period - Off-side.
14:37 of 3rd period - Cody Kunyk wins face-off versus Andrew Desjardins in neutral zone.
14:40 of 3rd period - Slapshot by Oscar Klefbom.
14:40 of 3rd period - Deflect By Andrew Desjardins.
14:40 of 3rd period - Stopped by Johan Gustafsson with a rebound.
14:42 of 3rd period - Snap shot by Cody Kunyk.
14:42 of 3rd period - Shot Misses the Net.
14:44 of 3rd period - Slapshot by Oscar Klefbom.
14:44 of 3rd period - Shot Misses the Net.
15:06 of 3rd period - Wrist shot by Allan McPherson.
15:06 of 3rd period - Shot Misses the Net.
15:55 of 3rd period - Snap shot by Ryan Malone.
15:55 of 3rd period - Deflect By Cedric Paquette.
15:55 of 3rd period - Shot Blocked by Ben Sexton.
15:55 of 3rd period - Puck is out of play.
15:56 of 3rd period - Cedric Paquette wins face-off versus Brody Sutter in Admirals NSH zone.
15:59 of 3rd period - Wrist shot by Cedric Paquette.
15:59 of 3rd period - Shot Blocked by Tim Gleason.
16:01 of 3rd period - Wrist shot by Cedric Paquette.
16:01 of 3rd period - Stopped by Johan Gustafsson with a rebound.
16:03 of 3rd period - Wrist shot by Cedric Paquette.
16:03 of 3rd period - Shot Misses the Net.
16:05 of 3rd period - Slapshot by Josh Manson.
16:05 of 3rd period - Deflect By Cedric Paquette.
16:05 of 3rd period - Stopped by Johan Gustafsson with a rebound.
17:09 of 3rd period - Snap shot by Andrew Desjardins.
17:09 of 3rd period - Stopped by Kristers Gudlevskis with a rebound.
17:11 of 3rd period - Wrist shot by Andrew Desjardins.
17:11 of 3rd period - Goal by Andrew Desjardins - Admirals NSH : 2 - Moose : 1.
17:12 of 3rd period - Brody Sutter wins face-off versus Derek Roy in neutral zone.
18:01 of 3rd period - Icing by Brad Winchester.
18:02 of 3rd period - Garret Ross wins face-off versus Andrew Desjardins in Admirals NSH zone.
18:25 of 3rd period - Cedric Paquette is hit by Eric Faille and loses puck.
19:00 of 3rd period - Moose, Kristers Gudlevskis is pulled from the net.
19:04 of 3rd period - Backhand shot by Oscar Klefbom.
19:04 of 3rd period - Deflect By Andrew Desjardins.
19:04 of 3rd period - Stopped by Johan Gustafsson with a rebound.
19:20 of 3rd period - Tim Gleason is hit by Greg McKegg and loses puck.
19:30 of 3rd period - Minor Penalty to Ben Sexton for Roughing.
19:31 of 3rd period - Garret Ross wins face-off versus Andrew Desjardins in Admirals NSH zone.
19:32 of 3rd period - Snap shot by Josh Manson.
19:32 of 3rd period - Goal by Josh Manson - Admirals NSH : 2 - Moose : 2.
19:32 of 3rd period - Kristers Gudlevskis from Moose was sent back in the game.
19:33 of 3rd period - Brody Sutter wins face-off versus Garret Ross in neutral zone.
19:40 of 3rd period - Snap shot by Victor Bartley.
19:40 of 3rd period - Shot Blocked by Josh Manson.
19:42 of 3rd period - Slapshot by Victor Bartley.
19:42 of 3rd period - Deflect By Brody Sutter.
19:42 of 3rd period - Shot Misses the Net.
19:42 of 3rd period - Puck is out of play.
19:43 of 3rd period - Brody Sutter wins face-off versus Garret Ross in Moose zone.
Goals for this period are 1 for Admirals NSH vs 1 for Moose.
Shots for this period are 7 for Admirals NSH vs 11 for Moose.

Overtime #1


0:01 of 1st overtime period - Andrew Desjardins wins face-off versus Ryan Malone in neutral zone.
0:12 of 1st overtime period - Brad Winchester is hit by Josh Manson and loses puck.
0:21 of 1st overtime period - Slapshot by Victor Bartley.
0:21 of 1st overtime period - Deflect By Andrew Desjardins.
0:21 of 1st overtime period - Goal by Andrew Desjardins - Admirals NSH : 3 - Moose : 2.
Goals for this period are 1 for Admirals NSH vs 0 for Moose.
Shots for this period are 1 for Admirals NSH vs 0 for Moose.